 Dungeon Crawl Stone Soup version 0.22-a0-305-gd21a89c (webtiles) character file.

3 Amnesiac the Skirmisher (level 1, 0/14 HPs)
             Began as a Spriggan Wanderer on Apr 1, 2018.
             Slain by a bat (1 damage)
             ... on level 1 of the Dungeon.
             The game lasted 00:00:50 (99 turns).

Amnesiac the Skirmisher (Spriggan Wanderer)           Turns: 99, Time: 00:00:51

Health: 0/14       AC:  2    Str:  7    XL:     1   Next: 41%
Magic:  2/2        EV: 16    Int: 14    God:
Gold:   21         SH:  0    Dex: 15    Spells: 0/0 levels left

rFire    . . .     SeeInvis +   a - +2 short sword
rCold    . . .     Gourm    .   (shield restricted)
rNeg     . . .     Faith    .   d - +0 robe
rPois    .         Spirit   .   (helmet restricted)
rElec    .         Reflect  .   (no cloak)
rCorr    .         Harm     .   (gloves unavailable)
MR       .....                  (boots unavailable)
Stlth    ++........             (no amulet)
HPRegen  0.04/turn              (no ring)
MPRegen  0.08/turn              (no ring)

@: very quick
A: very small, unfitting armour, see invisible, herbivore, speed 3, slow
metabolism 2
a: no special abilities


You were on level 1 of the Dungeon.
You were not hungry.

You visited 1 branch of the dungeon, and saw 1 of its levels.

You collected 21 gold pieces.

Inventory:

Hand Weapons
 a - a +2 short sword (weapon)
Missiles
 e - 4 stones (quivered)
Armour
 d - a +0 robe (worn)
Scrolls
 g - a scroll of identify {!r, unknown}
Potions
 b - a potion of lignification {!q}
 c - a potion of curing {!q}
Comestibles
 f - a ration


   Skills:
 - Level 4.9 Fighting
 + Level 1.7 Short Blades
 - Level 1.5 Dodging
 - Level 1.5 Stealth
   Level 1.0 Shields


You couldn't memorise any spells.
You didn't know any spells.

Dungeon Overview and Level Annotations

Branches:
Dungeon (1/15)

Altars:


Innate Abilities, Weirdness & Mutations

You are very small and have problems with some larger weapons.
You are too small for most types of armour.
You have supernaturally acute eyesight. (SInv)
You are a herbivore.
You cover ground extremely quickly.
You need to consume almost no food.


Message History

The ball python bites you. The ball python constricts you.
You completely miss the ball python.
The ball python is heavily wounded.
The ball python bites you but does no damage.
The ball python constricts you. The kobold misses you.
The kobold hits you with a short sword.
You escape the ball python's grasp.
There is an open door here.
You hit the ball python.
You kill the ball python!
You hit the kobold.
You kill the kobold!
You barely miss the kobold. The kobold misses you.
The kobold completely misses you.
You hit the kobold.
You kill the kobold!
No target in view!
You start resting.
HP restored.
There is an open door, spattered with blood here.
Items here: )) ††† a short sword; a dagger; a kobold corpse x2; a ball python corpse
e - a stone
e - 4 stones (gained 3);
g - a scroll labeled POPOAJ EGAR {!r} A giant cockroach and a hobgoblin come into view.
You see here a spear.
There are monsters nearby!
A bat and a rat come into view.
A bat comes into view.
Found a dagger.
Found 13 gold pieces.
Found a stone staircase leading down.
The hobgoblin shouts!
The giant cockroach bites you.
Found 3 large rocks.
You hit the hobgoblin.
The hobgoblin is moderately wounded.
The bat closely misses you. The hobgoblin closely misses you.
The giant cockroach barely misses you.
You hit the hobgoblin.
The hobgoblin is almost dead.
The bat misses you. The bat closely misses you.
The hobgoblin barely misses you. The giant cockroach closely misses you.
You closely miss the hobgoblin.
The hobgoblin is almost dead.
The bat hits you. The bat hits you but does no damage.
The giant cockroach misses you. The hobgoblin hits you.
* * * LOW HITPOINT WARNING * * *
The rat misses you. The bat hits you.
* * * LOW HITPOINT WARNING * * *
A bat comes into view.
You are too injured to fight recklessly!
You are too injured to fight recklessly!
The bat hits you but does no damage. The rat closely misses you.
The bat completely misses you. The bat misses you. The bat barely misses you.
The bat hits you.
* * * LOW HITPOINT WARNING * * *
The bat hits you.
* * * LOW HITPOINT WARNING * * *
The bat completely misses you.
You see here a spear.
You hit the bat.
The bat is moderately wounded.
The bat hits you.
You die...

#...# #..< #...# ..#...
#.######...######...####
#...................
############..........#.
........).##..........#
..........##..........#
..$.......##..........#
........g.##@.........#
..>......rsb.........##
............b........#
.....................#
.....................#
b.............######
..............#
.............##
.............#


You could see a giant cockroach, 2 bats and a rat.

Vanquished Creatures
  A ball python (D:1)
  2 kobolds (D:1)
3 creatures vanquished.

Notes
Turn   | Place    | Note
-------+----------+-------------------------------------------
     0 | D:1      | Amnesiac the Spriggan Wanderer began the quest for the Orb.
     0 | D:1      | Amnesiac set off with: a +2 short sword, a potion of lignification {!q}, a potion of curing {!q}, a +0 robe, a ration
     0 | D:1      | Reached XP level 1. HP: 14/14 MP: 2/2
    99 | D:1      | Slain by a bat

Vault maps used:
D:1:      arrival_zaba_pyramid

Action                   || total
-------------------------++-------
Melee: Short sword       ||    13
Armor: Robe              ||     3
Dodge: Dodged            ||    27

Table legend:
 A = Spawn XP
 B = Non-spawn XP
 C = Spawn XP percentage of total XP
 D = Spawn monster count
 E = Non-spawn monster count
 F = Spawn count percentage of total count
 G = Total turns spent on level
                    A         B        C        D         E        F      G
               +---------+---------+-------+---------+---------+-------+---------
         Total |       0 |       5 |   0.0 |       0 |       3 |   0.0 |    99
               +---------+---------+-------+---------+---------+-------+---------
           D:1 |       0 |       5 |   0.0 |       0 |       3 |   0.0 |    99
               +---------+---------+-------+---------+---------+-------+---------
